 Dungeon Crawl Stone Soup version 0.30-a0-757-ga6a79fd877 (webtiles) character file.

Game seed: 1194998638315453097

30969 bmack86 the Severer (level 13, -3/116 HPs)
             Began as a Minotaur Fighter on Feb 10, 2023.
             Was the Champion of Okawaru.
             Slain by a death yak (11 damage)
             ... on level 3 of the Lair of Beasts.
             The game lasted 00:29:52 (10821 turns).

bmack86 the Severer (Minotaur Fighter)             Turns: 10821, Time: 00:29:53

Health: -3/116     AC: 23    Str: 26    XL:     13   Next: 23%
Magic:  15/17      EV: 10    Int: 11    God:    Okawaru [******]
Gold:   830        SH:  8    Dex: 14    Spells: 12/12 levels left

rFire   . . .      SeeInvis .    G - +9 broad axe (elec)
rCold   + . .      Faith    .    c - +0 buckler
rNeg    . . .      Spirit   .    I - +2 plate armour {rC+}
rPois   +          Reflect  .    (helmet restricted)
rElec   .          Harm     .    m - +1 cloak
rCorr   .          Rampage  .    (no gloves)
Will    .....                    g - +0 pair of boots of Weak Music {Dex+4} Stlth
                                 e - amulet of regeneration
HPRegen 1.19/turn                f - +6 ring of intelligence
MPRegen 0.15/turn                N - ring of poison resistance

@: heroic
A: horns 2, retaliatory headbutt
a: Renounce Religion, Heroism, Finesse, Duel


You were on level 3 of the Lair of Beasts.
You worshipped Okawaru.
Okawaru was exalted by your worship.
You visited 3 branches of the dungeon, and saw 14 of its levels.

You collected 830 gold pieces.

Inventory:

Hand Weapons
 a - a +2 war axe of flaming
 C - a +4 war axe of freezing
 G - a +9 broad axe of electrocution (weapon)
Missiles
 b - 6 curare-tipped darts (quivered)
 u - 6 poisoned darts
 w - 3 throwing nets
 L - 3 javelins
 Q - 2 boomerangs
Armour
 c - a +0 buckler (worn)
 g - the +0 pair of boots of Weak Music (worn) {Dex+4}
   (You acquired it on level 4 of the Dungeon)

   Dex:       It affects your dexterity (+4).
 m - a +1 cloak (worn)
 s - a scarf of repulsion
 I - a +2 plate armour of cold resistance (worn)
Jewellery
 e - an amulet of regeneration (around neck)
 f - a +6 ring of intelligence (left hand)
 x - an amulet of reflection
 N - a ring of poison resistance (right hand)
 P - a ring of see invisible
Wands
 o - a wand of flame (8)
 y - a wand of roots (6)
 A - a wand of polymorph (4)
 D - a wand of paralysis (25)
 K - a wand of digging (12)
 M - a wand of acid (2)
Scrolls
 h - 2 scrolls of teleportation
 j - a scroll of amnesia
 l - 4 scrolls of vulnerability
 n - 2 scrolls of blinking
 z - a scroll of summoning
 B - 4 scrolls of fog
 J - a scroll of brand weapon
 O - 2 scrolls of identify
Potions
 d - 3 potions of might
 k - a potion of haste
 p - 10 potions of curing
 q - 5 potions of ambrosia
 r - 2 potions of attraction
 t - 2 potions of flight
 v - a potion of magic
 E - 4 potions of mutation
 F - 2 potions of lignification
 H - a potion of resistance {unknown}


   Skills:
 + Level 11.4(16.4) Fighting
 * Level 15.2(20.2) Axes
 + Level 7.4(12.4) Throwing
 + Level 11.3(16.3) Armour
 + Level 11.4(16.4) Shields
 + Level 7.4 Invocations
 - Level 2.7 Evocations


You had 12 spell levels left.
You didn't know any spells.
Your spell library contained the following spells:

 Spells                   Type           Power      Damage    Failure   Level
 Magic Dart               Conj           0%         1d3       94%         1
 Necrotise                Necr           0%         1d4       94%         1
 Cigotuvi's Dreadful Rot  Necr/Pois/Air  0%         N/A       98%         2
 Poisonous Vapours        Pois/Air       0%         N/A       98%         2
 Static Discharge         Conj/Air       0%         2-2/arc   98%         2
 Mephitic Cloud           Conj/Pois/Air  0%         N/A       100%        3
 Portal Projectile        Hex/Tloc       0%         N/A       100%        3
 Vampiric Draining        Necr           0%         2d6       100%        3
 Vhi's Electric Charge    Tloc/Air       0%         N/A       100%        3
 Leda's Liquefaction      Hex/Erth       0%         N/A       100%        4
 Agony                    Necr           0%         N/A       100%        5
 Arcjolt                  Conj/Air       0%         1d10      100%        5
 Lightning Bolt           Conj/Air       0%         1d11      100%        5
 Borgnjor's Revivificati  Necr           0%         N/A       100%        8
 Necromutation            Tmut/Necr      0%         N/A       100%        8
 Death's Door             Necr           0%         N/A       100%        9
 Call Imp                 Summ           Unusable   N/A       N/A         2
 Call Canine Familiar     Summ           Unusable   N/A       N/A         3

Dungeon Overview and Level Annotations

Branches:
Dungeon (10/15)            Temple (1/1) D:6            Lair (3/5) D:9
 Spider (0/4) Lair:2
  Swamp: Lair:2-3    Shoals: Lair:2-3       Orc: D:9-12

Altars:
Dithmenos
Elyvilon
Fedhas
Gozag
Kikubaaqudgha
Makhleb
Okawaru
Qazlal
Ru
Trog
Uskayaw
Vehumet
Xom
Yredelemnul
The Shining One
Lugonu

Annotations:
D:9 2 transporters


Innate Abilities, Weirdness & Mutations

You have a pair of horns on your head.
You reflexively headbutt those who attack you in melee.


Message History

You kill the death yak!
Okawaru accepts your kill.
You barely miss the death yak.
The death yak gores you but does no damage.
You slash the death yak!
The death yak is lightly wounded.
You slice the death yak!! The death yak gores you! The death yak gores you!!
* * * LOW HITPOINT WARNING * * *
You slash the death yak!
The death yak is moderately wounded.
You slash the death yak!
The death yak gores you but does no damage.
The death yak gores you!
* * * LOW HITPOINT WARNING * * *
You barely miss the death yak. You headbutt the death yak.
The death yak is moderately wounded.
You hit the death yak but do no damage. The death yak gores you!
* * * LOW HITPOINT WARNING * * *
You block the death yak's attack.
You feel much better. The death yak gores you.
* * * LOW HITPOINT WARNING * * *
The death yak gores you!
* * * LOW HITPOINT WARNING * * *
As you read the scroll of teleportation, it crumbles to dust.
You feel strangely unstable.
The death yak gores you but does no damage.
The death yak gores you!
* * * LOW HITPOINT WARNING * * *
Blink to where?
Press: ? - help, Dir - move target
As you read the scroll of blinking, it crumbles to dust.
Your surroundings suddenly seem different.
Blink to where?
Press: ? - help, Dir - move target
As you read the scroll of blinking, it crumbles to dust.
The death yak attacks as you move away! The death yak gores you!
* * * LOW HITPOINT WARNING * * *
You gain the combat prowess of a mighty hero.
The death yak gores you!
You die...

.....# #..### ... ##..##
##.#.######... ....#
#............ .......#
....#####........# ......#
.....#.###.......# ###.....#
.................## #.......#
.#................######......#
................Y..##.#.#.....#
................@<............#
##P####..#.......^............#
####....##....###.#P...#......##
.##.รท....##...+.........#.....P#
##...###P.#..................?##
#.........#...#.........P.....#
#.......P##...................###
.....#.###....P.P##.#####......#~
.##.##...##..PP.................P


You could see a death yak.

Vanquished Creatures
  A great orb of eyes (D:9)
  2 hydras
  The ghost of retardedninja the Ruffian, a novice TrFi (Lair:1)
  2 two-headed ogres (D:9)
  A boulder beetle (Lair:1)
  2 death yaks (Lair:3)
  Pikel (D:8)
  A deep elf pyromancer (D:9)
  9 elephants (Lair:2)
  8 cane toads
  6 komodo dragons
  Psyche (D:9)
  Maggie (D:7)
  A troll (D:9)
  A hornet (D:9)
  18 blink frogs
  7 dream sheep (Lair:2)
  A tarantella (Lair:2)
  Grinder (D:4)
  A vampire (D:9)
  3 wraiths
  4 wyverns
  23 yaks
  3 steam dragons
  2 swamp worms (Lair:3)
  2 basilisks
  A warg (Lair:3)
  Menkaure (D:6)
  4 water moccasins
  An acid dragon (D:9)
  4 orc warriors
  A sky beast (D:6)
  A black bear (D:8)
  3 centaurs
  12 wolves
  3 ogres
  Blork the orc (D:4)
  10 bullfrogs
  A gnoll sergeant (D:5)
  3 scorpions
  7 necrophages
  12 wights
  18 killer bees
  3 howler monkeys
  8 hounds
  7 orc priests
  A jelly (D:6)
  Crazy Yiuf (D:6)
  3 iguanas (D:5)
  9 orc wizards
  6 hell rats (Lair:3)
  5 gnolls (D:5)
  10 adders
  A shadow imp (D:8)
  4 worms
  4 dart slugs
  33 orcs
  10 ball pythons
  8 endoplasms
  3 giant cockroaches
  6 goblins
  5 hobgoblins
  3 jackals (D:2)
  6 kobolds
  5 quokkas
  7 bats
  3 frilled lizards
  7 rats
344 creatures vanquished.

Vanquished Creatures (others)
  7 fungi
  13 plants
20 creatures vanquished.

Grand Total: 364 creatures vanquished

Notes
Turn   | Place    | Note
-------+----------+-------------------------------------------
     0 | D:1      | bmack86 the Minotaur Fighter began the quest for the Orb.
     0 | D:1      | Reached XP level 1. HP: 19/19 MP: 0/0
   129 | D:1      | Found a faded altar of an unknown god.
   192 | D:1      | Reached XP level 2. HP: 25/27 MP: 1/1
   535 | D:1      | Reached skill level 3 in Axes
   942 | D:2      | Reached XP level 3. HP: 33/33 MP: 2/2
  1651 | D:2      | Reached XP level 4. HP: 40/40 MP: 3/3
  1726 | D:3      | Reached skill level 4 in Axes
  1806 | D:3      | Reached XP level 5. HP: 47/47 MP: 4/4
  2353 | D:4      | Identified a scroll of acquirement
  2353 | D:4      | Acquired the +0 pair of boots of Weak Music {Dex+4}
  2391 | D:4      | Reached skill level 5 in Axes
  2719 | D:4      | Reached XP level 6. HP: 36/55 MP: 5/5
  2725 | D:4      | Reached skill level 5 in Fighting
  2725 | D:4      | Reached skill level 5 in Armour
  2725 | D:4      | Reached skill level 5 in Shields
  2725 | D:4      | Found a radiant altar of Vehumet.
  2846 | D:4      | Reached skill level 6 in Axes
  2846 | D:4      | Reached XP level 7. HP: 51/61 MP: 6/6
  2899 | D:4      | Noticed Grinder
  3089 | D:4      | Paralysed by Grinder for 3 turns
  3095 | D:4      | Paralysed by Grinder for 5 turns
  3101 | D:4      | Killed Grinder
  3181 | D:4      | Noticed Blork the orc
  3191 | D:4      | Killed Blork the orc
  3226 | D:5      | Entered Level 5 of the Dungeon
  3255 | D:5      | Reached skill level 7 in Axes
  3373 | D:5      | Reached XP level 8. HP: 50/70 MP: 7/7
  3495 | D:5      | Reached skill level 1 in Evocations
  3509 | D:5      | Reached skill level 8 in Axes
  4115 | D:6      | Noticed Menkaure
  4121 | D:6      | Killed Menkaure
  4137 | D:6      | Reached skill level 9 in Axes
  4137 | D:6      | Reached XP level 9. HP: 53/79 MP: 8/8
  4294 | D:6      | Found a staircase to the Ecumenical Temple.
  4314 | Temple   | Entered the Ecumenical Temple
  4333 | Temple   | Became a worshipper of Warmaster Okawaru
  4491 | D:6      | Reached skill level 1 in Throwing
  4520 | D:6      | Reached skill level 1 in Invocations
  4630 | D:6      | Found a runed translucent door.
  4631 | D:6      | Noticed Crazy Yiuf
  4636 | D:6      | Killed Crazy Yiuf
  4949 | D:7      | Reached * piety under Okawaru
  5018 | D:7      | Noticed Maggie
  5031 | D:7      | Killed Maggie
  5032 | D:7      | Reached skill level 10 in Axes
  5495 | D:8      | Found a stormy altar of Qazlal.
  5523 | D:8      | Noticed Pikel
  5532 | D:8      | Killed Pikel
  5532 | D:8      | Reached ** piety under Okawaru
  5533 | D:8      | Reached XP level 10. HP: 83/88 MP: 11/11
  5654 | D:8      | Found a burning altar of Makhleb.
  6030 | D:9      | Found a transporter.
  6030 | D:9      | Noticed a cyan ugly thing
  6030 | D:9      | Noticed a white ugly thing
  6031 | D:9      | Found a corrupted altar of Lugonu.
  6033 | D:9      | Noticed a red ugly thing
  6072 | D:9      | Noticed Psyche
  6079 | D:9      | Killed Psyche
  6079 | D:9      | Reached *** piety under Okawaru
  6104 | D:9      | Noticed a two-headed ogre
  6114 | D:9      | Killed a two-headed ogre
  6115 | D:9      | Reached skill level 11 in Axes
  6142 | D:9      | Found a staircase to the Lair.
  6152 | D:9      | Reached **** piety under Okawaru
  6189 | D:9      | Found a transporter.
  6825 | D:9      | Noticed a two-headed ogre
  6830 | D:9      | Killed a two-headed ogre
  6831 | D:9      | Reached skill level 12 in Axes
  6831 | D:9      | Reached XP level 11. HP: 80/97 MP: 10/13
  6866 | D:9      | Noticed a great orb of eyes
  6878 | D:9      | Killed a great orb of eyes
  6878 | D:9      | Reached ***** piety under Okawaru
  6993 | D:9      | Noticed a deep elf pyromancer
  6994 | D:9      | Identified the +3 dagger "Ommiuger" {vamp, Int+3}
  7015 | D:9      | Killed a deep elf pyromancer
  7342 | D:10     | Entered Level 10 of the Dungeon
  7985 | Lair:1   | Entered Level 1 of the Lair of Beasts
  7996 | Lair:1   | Noticed a boulder beetle
  7999 | Lair:1   | Received a gift from Okawaru
  8001 | Lair:1   | Reached skill level 5 in Invocations
  8035 | Lair:1   | Killed a boulder beetle
  8036 | Lair:1   | Reached skill level 5 in Throwing
  8312 | Lair:1   | Received a gift from Okawaru
  8326 | Lair:1   | Found a large runed translucent door.
  8327 | Lair:1   | Found a large runed translucent door.
  8330 | Lair:1   | Noticed retardedninja's ghost (novice TrFi)
  8344 | Lair:1   | Killed retardedninja's ghost
  8345 | Lair:1   | Reached skill level 13 in Axes
  8849 | Lair:2   | Received a gift from Okawaru
  8850 | Lair:2   | Reached skill level 10 in Shields
  8851 | Lair:2   | Reached skill level 10 in Fighting
  8853 | Lair:2   | Reached skill level 10 in Armour
  8860 | Lair:2   | Reached XP level 12. HP: 78/106 MP: 15/15
  8988 | Lair:2   | Noticed a four-headed hydra
  9001 | Lair:2   | Killed a one-headed hydra
  9051 | Lair:2   | Found a hole to the Spider Nest.
  9092 | Lair:2   | Identified the +0 scale mail of Amuanu {Str+3 Dex+3}
                  | (Okawaru gifted it to you on level 2 of the Lair of Beasts)
  9092 | Lair:2   | Received a gift from Okawaru
  9171 | Lair:2   | Reached skill level 14 in Axes
  9308 | Lair:2   | Reached ****** piety under Okawaru
 10392 | Lair:3   | Reached XP level 13. HP: 115/116 MP: 17/17
 10531 | Lair:3   | Reached skill level 15 in Axes
 10551 | Lair:3   | Received a gift from Okawaru
 10629 | Lair:3   | HP: 4/116 [nine-headed hydra (4)]
 10820 | Lair:3   | HP: 5/116 [death yak (17)]
 10821 | Lair:3   | Slain by a death yak

Illustrated notes

Levels and vault maps discovered:
D:1:      dpeg_arrival_renting, layout_loops_corners,
          shapermc_ecumenical_altar_petra
D:2:      layout_basic
D:3:      layout_loops_ring
D:4:      layout_basic, nicolae_vehumet_radiance, minmay_quantized,
          uniq_grinder, uniq_blork_the_orc
D:5:      layout_cave_pods, serial_park, serial_park_gazebo
          [serial_park_minivault_5x5_1], serial_park_paths
          [serial_park_minivault_5x5_5], serial_park_square1
          [serial_park_minivault_5x5_1], serial_park_tiny_pond,
          serial_park_square3 [serial_park_minivault_5x5_5]
D:6:      layout_basic, minmay_temple_entry_slanted, uniq_menkaure,
          uniq_crazy_yiuf_cottage
D:7:      layout_cave_pools, uniq_maggie
D:8:      layout_cave_pools, makhleb_grotto_becter,
          nicolae_qazlal_style_of_elements, uniq_pikel
D:9:      gammafunk_corrupted_shrine, layout_basic, lair_entry_dummy,
          minmay_the_grid_2x2 [minmay_the_grid_spin_star,
          minmay_the_grid_tiny_cups, minmay_the_grid_aliased_spiral,
          minmay_the_grid_prize_diamond_cup], uniq_psyche
D:10:     layout_roguey
Temple:   compressed_dpeg_triangle_lava_temple
Lair:1:   layout_gridlike, ebering_ghost_disaster_area,
          chequers_serial_rivers_small_b
Lair:2:   layout_small_grid, spider_nest_entry_rubble, roderic_carrion_pond
Lair:3:   beast_lair_carwin_large_1, layout_chaotic_city,
          palyth_hydra_swamp_entry, grunt_megastairs_4,
          infiniplex_staircase_pool_2, serial_bayou_shore_b,
          serial_bayou_shore_b

Skill      XL: |  1  2  3  4  5  6  7  8  9 10 11 12 13 |
---------------+----------------------------------------+-----
Axes           | 3 4 5 6 7 9 10 12 13 14 15 | 15.2
Fighting       | 4 5 6 7 8 9 10 11 | 11.4
Armour         | 4 5 6 7 8 9 10 11 | 11.3
Shields        | 4 5 6 7 8 9 10 11 | 11.4
Evocations     | 2 |  2.7
Throwing       | 2 4 5 7 |  7.4
Invocations    | 2 4 5 7 |  7.4

Action                     |  1- 3 |  4- 6 |  7- 9 | 10-12 | 13-15 || total
---------------------------+-------+-------+-------+-------+-------++-------
  Melee: War axe           |    74 |   138 |   203 |   274 |     8 ||   697
         Headbutt          |    10 |    17 |    41 |    83 |    11 ||   162
         Broad axe         |       |       |       |   137 |    53 ||   190
 Invoke: Heroism           |       |       |       |     5 |     1 ||     6
    Use: Scroll            |     1 |    12 |     8 |     8 |     4 ||    33
         Potion            |       |       |       |     1 |     3 ||     4
 Armour: Scale mail        |    38 |    85 |       |       |       ||   123
         Chain mail        |       |     9 |    17 |       |       ||    26
         Plate armour      |       |       |   137 |   287 |    68 ||   492
  Dodge: Dodged            |    48 |    77 |    96 |   124 |    30 ||   375
  Block: Buckler           |    14 |    39 |    69 |   146 |    39 ||   307

Table legend: (Time is in decaauts)
 A = Elapsed time spent in this place.
 B = Non-inter-level travel time spent in this place.
 C = Inter-level travel time spent in this place.
 D = Time resting spent in this place.
 E = Time spent auto-exploring this place.
 F = Levels seen in this place.
 G = Mean time per level.
                   A        B        C        D        E       F      G
               +--------+--------+--------+--------+--------+-----+--------+
         Total |  10887 |  10659 |    228 |     84 |   7348 |  14 |  777.6 |
       Dungeon |   8052 |   7858 |    194 |      0 |   5531 |  10 |  805.2 |
        Temple |     40 |     40 |      0 |      0 |      0 |   1 |   40.0 |
          Lair |   2794 |   2761 |     33 |     84 |   1816 |   3 |  931.3 |
               +--------+--------+--------+--------+--------+-----+--------+

Top non-repeatable levels by time:
     D:9: 1444 daAuts
  Lair:2: 1246 daAuts
     D:1: 945 daAuts
     D:4: 895 daAuts
     D:5: 871 daAuts
  Lair:1: 829 daAuts
     D:2: 765 daAuts
  Lair:3: 718 daAuts
     D:6: 715 daAuts
     D:3: 693 daAuts
    D:10: 598 daAuts
     D:8: 568 daAuts
     D:7: 555 daAuts
  Temple: 40 daAuts
